 Dungeon Crawl Stone Soup version 0.31-a0-196-g86fe4a5e66 (webtiles) character file.

Game seed: 496707118466225202

10635 lessens the Brawler (level 11, -1/88 HPs)
             Began as a Ghoul Artificer on June 24, 2023.
             Was an Elder of Okawaru.
             Slain by a troll (10 damage)
             ... on level 11 of the Dungeon on June 25, 2023.
             The game lasted 00:17:20 (11265 turns).

lessens the Brawler (Ghoul Artificer)              Turns: 11265, Time: 00:17:21

Health: -1/88      AC: 14    Str: 21    XL:     11   Next: 65%
Magic:  11/13      EV: 13    Int:  6    God:    Okawaru [****..]
Gold:   524        SH:  0    Dex:  9    Spells: 10/10 levels left

rFire   . .          .
                       - Unarmed
rCold   + . .        (no shield)
rNeg    + + +        M - +1 acid dragon scales
rPois   ∞            p - +0 helmet
rElec   .            (no cloak)
rCorr   +            (no gloves)
SInv    .            l - +2 pair of boots
Will    .....        P - amulet of regeneration
Stlth   +++          (no ring)
HPRegen 0.00/turn    (no ring)
MPRegen 0.13/turn

%: no passive effects
@: heroic, inhibited regen
A: claws 1, cold resistance 1, negative energy resistance 3, inhibited
regeneration, torment resistance 2, devour on kill
a: Renounce Religion, Heroism, Finesse


You were on level 11 of the Dungeon.
You worshipped Okawaru.
Okawaru was greatly pleased with you.
You visited 2 branches of the dungeon, and saw 12 of its levels.
You also visited: Sewer.

You collected 656 gold pieces.
You spent 132 gold pieces at shops.

Inventory:

Hand Weapons
 a - a +0 club
 j - a +0 sling
Missiles
 f - 150 stones
 y - 45 poisoned darts
 z - a throwing net
 N - 2 silver javelins
 O - 2 datura-tipped darts
 Q - 6 boomerangs
Armour
 b - a +0 leather armour
 l - a +2 pair of boots (worn)
 m - a +0 ring mail
 p - a +0 helmet (worn)
 K - +0 steam dragon scales
 M - +1 acid dragon scales (worn)
Jewellery
 g - a +6 ring of intelligence
 u - a ring of magical power
 F - an amulet of reflection
 P - an amulet of regeneration (around neck)
Wands
 c - a wand of flame (24) (quivered)
 d - a wand of charming (11)
 e - a wand of iceblast (24)
 t - a wand of mindburst (9)
 J - a wand of paralysis (24)
Scrolls
 i - a scroll of enchant weapon {unknown}
 n - a scroll of enchant armour {unknown}
 o - a scroll of identify
 q - a scroll of acquirement {unknown}
 r - 2 scrolls of immolation
 s - 2 scrolls of vulnerability
 x - 2 scrolls of fog {unknown}
 B - 2 scrolls of amnesia
 C - 2 scrolls of brand weapon
 D - 6 scrolls of teleportation
 E - 2 scrolls of torment
 G - a scroll of noise {unknown}
 I - a scroll of fear {unknown}
Potions
 h - 2 potions of brilliance
 k - a potion of enlightenment {unknown}
 v - a potion of resistance {unknown}
 w - 4 potions of attraction {unknown}
 A - 4 potions of curing
 H - 3 potions of magic
 L - a potion of ambrosia {unknown}


   Skills:
 - Level 5.4(10.4) Fighting
 + Level 5.6(10.6) Armour
 - Level 0.8(5.8) Dodging
 - Level 1.1(6.1) Stealth
 * Level 16.7(21.7) Unarmed Combat
 - Level 5.0 Invocations
 - Level 2.6 Evocations


You had 10 spell levels left.
You didn't know any spells.
Your spell library contained the following spells:

 Spells                   Type           Power      Damage    Failure   Level
 Slow                     Hex            0%         N/A       52%         1
 Static Discharge         Conj/Air       0%         2-2/arc   65%         2
 Confusing Touch          Hex            0%         N/A       87%         3
 Vampiric Draining        Necr           0%         2d6       87%         3
 Vhi's Electric Charge    Tloc/Air       0%         N/A       87%         3
 Airstrike                Air            0%         2d(0-16)  99%         4
 Arcjolt                  Conj/Air       0%         1d10      100%        5
 Maxwell's Capacitive Co  Air            0%         ∞         100%        8
 Summon Lightning Spire   Summ/Air       Unusable   N/A       N/A         4

Dungeon Overview and Level Annotations

Branches:
Dungeon (11/15) Zot: 26351  Temple (1/1) D:7 Zot: 5945    Lair (0/5) D:9
    Orc (0/2) D:11          Sewer (visited)

Altars:
Cheibriados
Dithmenos
Fedhas
Gozag
Hepliaklqana
Makhleb
Nemelex Xobeh
Okawaru
Qazlal
Ru
Sif Muna
Uskayaw
Vehumet
Wu Jian
Xom
Yredelemnul

Shops:
D:3 !   D:5 *   D:9 *

Annotations:
D:4 2 transporters, olddryhag's ghost, novice GnWn
D:9 3 runed translucent doors, lessens's ghost, novice TeHu


Innate Abilities, Weirdness & Mutations

You are immune to poison.
You have sharp fingernails.
Your flesh is cold resistant. (rC+)
You are immune to negative energy. (rN+++)
You do not regenerate when monsters are visible.
You are immune to unholy pain and torment.
You thrive by killing the living.


Message History

a +0 flail; an orc corpse
Q - 6 boomerangs (gained 3)
Items here: ))))) [[[ †.
Things that are here:
a +0 hand axe; a +1 leather armour of cold resistance; an orc corpse
Found a stone staircase leading down.
A troll comes into view.
The troll shouts!
You hear a shout!
The troll bites you!
The troll claws you but does no damage. x2
You scratch the troll but do no damage. You scratch the troll.
The troll is lightly wounded.
The troll completely misses you.
The troll claws you but does no damage. x2
A troll comes into view.
You claw the troll!
The troll is moderately wounded.
The troll bites you but does no damage. The troll claws you.
The troll misses you.
You closely miss the troll.
The troll is moderately wounded.
You scratch the troll.
The troll is moderately wounded.
The troll bites you! The troll barely misses you. x2
You closely miss the troll.
The troll is moderately wounded.
You claw the troll!
The troll is heavily wounded.
The troll attacks as you move away! The troll bites you!
The troll barely misses you. The troll claws you!
The troll attacks as you move away! The troll bites you but does no damage.
The troll claws you but does no damage. The troll claws you!
The troll attacks as you move away! The troll bites you!
* * * LOW HITPOINT WARNING * * *
The troll claws you but does no damage. The troll claws you.
* * * LOW HITPOINT WARNING * * *
You gain the combat prowess of a mighty hero.
The troll bites you!
* * * LOW HITPOINT WARNING * * *
The troll claws you!
You die...

#..>........'.....###..
#......#..#.8..... ###
#...........#.....
####..##....######
#.####...# #.###..#.#
##.#...##.# #..#.### .#
#.##@# #..#T# ##..T#
##..# #..# #....#
#.#..# #.#.... #....##.


You could see 2 trolls.

Vanquished Creatures
  An orc knight (D:11)
  An ugly thing (D:11)
  Joseph (D:7)
  Maggie (D:8)
  2 komodo dragons
  A troll (D:9)
  2 hornets
  Grinder (D:3)
  A shadow (D:11)
  A vampire (D:9)
  A wyvern (D:8)
  3 wraiths
  10 yaks
  3 steam dragons
  8 vampire mosquitoes
  Menkaure (D:7)
  2 acid dragons (D:11)
  Duvessa (D:4)
  3 water moccasins
  3 orc warriors (D:11)
  A sky beast (D:7)
  An ogre (D:4)
  A centaur (D:10)
  4 phantoms
  5 kobold brigands
  2 scorpions
  A bullfrog (D:8)
  Blork the orc (D:4)
  9 wights
  Dowan (D:4)
  14 killer bees
  An electric eel (D:8)
  3 howler monkeys
  4 hounds
  2 jellies (D:5)
  4 orc priests
  Jessica (D:3)
  Terence (D:2)
  4 orc wizards
  Natasha (twice) (D:2)
  6 gnolls
  13 adders
  A white imp (D:6)
  A worm (D:4)
  A dart slug (D:4)
  26 orcs
  6 ball pythons
  5 endoplasms
  10 giant cockroaches
  5 goblins
  6 hobgoblins
  9 quokkas
  6 bats
  3 frilled lizards (D:1)
  28 kobolds
  3 rats
238 creatures vanquished.

Vanquished Creatures (others)
  A vampire mosquito (D:10)
1 creature vanquished.

Grand Total: 239 creatures vanquished

Notes
Turn   | Place    | Note
-------+----------+-------------------------------------------
     0 | D:1      | lessens the Ghoul Artificer began the quest for the Orb.
     0 | D:1      | Reached XP level 1. HP: 16/16 MP: 0/0
    84 | D:1      | Reached skill level 1 in Unarmed Combat
   247 | D:1      | Reached XP level 2. HP: 21/23 MP: 1/1
   655 | D:1      | Reached skill level 2 in Unarmed Combat
  1020 | D:2      | Reached XP level 3. HP: 8/28 MP: 2/2
  1257 | D:2      | Noticed Natasha
  1266 | D:2      | Killed Natasha
  1267 | D:2      | Reached skill level 3 in Unarmed Combat
  1309 | D:2      | Noticed Terence
  1327 | D:2      | Killed Terence
  1328 | D:2      | Reached skill level 4 in Unarmed Combat
  1328 | D:2      | Reached XP level 4. HP: 10/35 MP: 3/3
  1679 | D:2      | Noticed Natasha
  1687 | D:2      | Killed Natasha
  1688 | D:2      | Reached skill level 5 in Unarmed Combat
  1688 | D:2      | Reached XP level 5. HP: 32/40 MP: 4/4
  2251 | D:3      | Reached skill level 6 in Unarmed Combat
  2267 | D:3      | Noticed Jessica
  2273 | D:3      | Killed Jessica
  2274 | D:3      | Reached XP level 6. HP: 47/47 MP: 5/5
  2593 | D:3      | Noticed Grinder
  2595 | D:3      | Paralysed by Grinder for 5 turns
  2627 | D:3      | Paralysed by Grinder for 2 turns
  2635 | D:3      | Killed Grinder
  2636 | D:3      | Reached skill level 7 in Unarmed Combat
  2636 | D:3      | Reached XP level 7. HP: 41/52 MP: 6/6
  2729 | D:3      | Found Biog's Distillery.
  2732 | D:3      | Bought a potion of might for 52 gold pieces
  2732 | D:3      | Bought a potion of curing for 39 gold pieces
  2732 | D:3      | Bought a potion of degeneration for 13 gold pieces
  2928 | D:4      | Noticed Duvessa
  2928 | D:4      | Noticed Dowan
  3103 | D:4      | Reached skill level 8 in Unarmed Combat
  3157 | D:4      | Killed Duvessa
  3172 | D:4      | Killed Dowan
  3280 | D:4      | Found a glowing drain.
  3294 | Sewer    | Entered a sewer
  3377 | Sewer    | Reached skill level 9 in Unarmed Combat
  3485 | D:4      | Found a transporter.
  3528 | D:4      | Noticed olddryhag's ghost (novice GnWn)
  3531 | D:4      | Found a transporter.
  3963 | D:4      | Noticed Blork the orc
  3973 | D:4      | Killed Blork the orc
  3974 | D:4      | Reached XP level 8. HP: 53/59 MP: 7/7
  4038 | D:5      | Entered Level 5 of the Dungeon
  4181 | D:5      | Found Dyczol's General Store.
  4191 | D:5      | Bought a scroll of identify for 28 gold pieces
  4242 | D:5      | Reached skill level 10 in Unarmed Combat
  5086 | D:6      | Reached skill level 11 in Unarmed Combat
  5415 | D:7      | Noticed a hornet
  5452 | D:7      | Killed a hornet
  5453 | D:7      | Reached XP level 9. HP: 68/71 MP: 8/8
  5515 | D:7      | Noticed Joseph
  5920 | D:7      | Found a staircase to the Ecumenical Temple.
  5930 | Temple   | Entered the Ecumenical Temple
  5971 | Temple   | Became a worshipper of Warmaster Okawaru
  6050 | D:7      | Killed Joseph
  6051 | D:7      | Reached skill level 5 in Fighting
  6051 | D:7      | Reached skill level 12 in Unarmed Combat
  6207 | D:7      | Noticed Menkaure
  6215 | D:7      | Killed Menkaure
  6355 | D:7      | Reached * piety under Okawaru
  6652 | D:7      | Reached skill level 1 in Invocations
  7061 | D:8      | Reached skill level 13 in Unarmed Combat
  7217 | D:8      | Noticed a hornet
  7230 | D:8      | Killed a hornet
  7230 | D:8      | Reached ** piety under Okawaru
  7231 | D:8      | Reached XP level 10. HP: 47/81 MP: 11/11
  7921 | D:8      | Noticed Maggie
  7978 | D:8      | Killed Maggie
  8192 | D:9      | Reached skill level 14 in Unarmed Combat
  8567 | D:8      | Reached *** piety under Okawaru
  8570 | D:8      | Reached skill level 5 in Invocations
  8871 | D:9      | Received a gift from Okawaru
  8872 | D:9      | Reached skill level 15 in Unarmed Combat
  8907 | D:9      | Reached **** piety under Okawaru
  8924 | D:9      | Found a runed translucent gate.
  8924 | D:9      | Found a runed translucent gate.
  8924 | D:9      | Found a runed translucent gate.
  8925 | D:9      | Found an opulent altar of Gozag.
  8926 | D:9      | Found Cusalis's Assorted Antiques.
  8926 | D:9      | Noticed a boulder beetle
  8926 | D:9      | Noticed lessens's ghost (novice TeHu)
  8926 | D:9      | Noticed a boulder beetle
  9008 | D:9      | Noticed a red ugly thing
  9062 | D:9      | Found a radiant altar of Vehumet.
  9080 | D:9      | Found a hide-covered altar of Uskayaw.
  9143 | D:9      | Reached XP level 11. HP: 51/88 MP: 13/13
  9255 | D:9      | Found a staircase to the Lair.
  9426 | D:10     | Entered Level 10 of the Dungeon
 10626 | D:11     | Noticed a green ugly thing
 10640 | D:11     | Killed a green ugly thing
 10641 | D:11     | Reached skill level 16 in Unarmed Combat
 10859 | D:11     | Reached skill level 5 in Armour
 10982 | D:11     | Reached ***** piety under Okawaru
 11105 | D:11     | Found a staircase to the Orcish Mines.
 11107 | D:11     | Noticed an orc knight
 11143 | D:11     | Killed an orc knight
 11265 | D:11     | Slain by a troll

Illustrated notes

Levels and vault maps discovered:
D:1:      dpeg_arrival_more_subterranean_lakeside_camping, layout_basic,
          minmay_misc_feat_enclosed
D:2:      layout_loops_cross, kennysheep_generic_room_14, uniq_terence,
          uniq_natasha
D:3:      layout_basic, serial_shops, nicolae_shop_tiny_real_fake_doors,
          uniq_jessica, uniq_grinder
D:4:      layout_loops_ring, gammafunk_ghost_arena, gup_sewer_entry_pipe,
          uniq_blork_the_orc, uniq_duvessa
D:5:      layout_basic, serial_shops, shop
D:6:      dreamdust_elfheim, layout_basic, kennysheep_generic_room_11
D:7:      layout_basic, minmay_temple_entry_glass, uniq_menkaure, uniq_joseph
D:8:      layout_rooms, serial_bayou_lagoon_a, uniq_maggie
D:9:      layout_big_octagon, grunt_temple_overflow_open, david_lair_shrubbed,
          serial_rivers, chequers_serial_rivers_small_a,
          chequers_serial_rivers_micro_c, chequers_serial_rivers_micro_e,
          chequers_serial_rivers_micro_e, chequers_serial_rivers_large_a,
          ebering_ghost_gozag, patterned_corridor
D:10:     layout_irregular_city
D:11:     layout_rooms, david_orc_5
Temple:   compressed_dpeg_triangle_lava_temple

Skill      XL: |  1  2  3  4  5  6  7  8  9 10 11 |
---------------+----------------------------------+-----
Unarmed Combat | 1 2 4 5 6 7 9 11 13 15 16 | 16.7
Fighting       | 3 5 |  5.4
Invocations    | 3 5 |  5.0
Armour         | 3 5 |  5.6
Dodging        | |  0.8
Stealth        | |  1.1
Evocations     | |  2.6

Action                     |  1- 3 |  4- 6 |  7- 9 | 10-12 || total
---------------------------+-------+-------+-------+-------++-------
  Melee: Unarmed           |    50 |   179 |   332 |   346 ||   907
         Club              |     6 |       |       |       ||     6
         Punch             |       |     3 |    19 |    25 ||    47
   Fire: Sling             |    39 |       |       |       ||    39
 Invoke: Heroism           |       |       |       |     5 ||     5
  Evoke: Wand              |       |       |     7 |     6 ||    13
    Use: Potion            |       |       |     2 |       ||     2
         Scroll            |       |       |     6 |     4 ||    10
   Stab: Sleeping          |       |     2 |       |       ||     2
 Armour: Leather armour    |    37 |    45 |       |       ||    82
         Ring mail         |       |    15 |    96 |       ||   111
         Steam dragon scal |       |       |     8 |    16 ||    24
         Acid dragon scale |       |       |       |   113 ||   113
  Dodge: Dodged            |    51 |    80 |   124 |   180 ||   435
  Block: Other             |       |       |    52 |    69 ||   121
         Reflection        |       |       |       |     3 ||     3

Table legend: (Time is in decaauts)
 A = Elapsed time spent in this place.
 B = Non-inter-level travel time spent in this place.
 C = Inter-level travel time spent in this place.
 D = Time resting spent in this place.
 E = Time spent auto-exploring this place.
 F = Levels seen in this place.
 G = Mean time per level.
                   A        B        C        D        E       F      G
               +--------+--------+--------+--------+--------+-----+--------+
         Total |  11150 |  10773 |    377 |    414 |   8360 |  13 |  857.7 |
       Dungeon |  10923 |  10559 |    364 |    390 |   8254 |  11 |  993.0 |
        Temple |     54 |     41 |     13 |      0 |     21 |   1 |   54.0 |
         Sewer |    172 |    172 |      0 |     24 |     85 |   1 |  172.0 |
               +--------+--------+--------+--------+--------+-----+--------+

Top non-repeatable levels by time:
     D:8: 1234 daAuts
     D:7: 1227 daAuts
    D:10: 1137 daAuts
     D:9: 1111 daAuts
     D:2: 1032 daAuts
     D:6: 974 daAuts
     D:1: 967 daAuts
     D:3: 953 daAuts
     D:4: 918 daAuts
     D:5: 720 daAuts
    D:11: 647 daAuts
   Sewer: 172 daAuts
  Temple: 54 daAuts

Levels and vault maps discovered:
D:1:      dpeg_arrival_more_subterranean_lakeside_camping, layout_basic,
          minmay_misc_feat_enclosed
D:2:      layout_loops_cross, kennysheep_generic_room_14, uniq_terence,
          uniq_natasha
D:3:      layout_basic, serial_shops, nicolae_shop_tiny_real_fake_doors,
          uniq_jessica, uniq_grinder
D:4:      layout_loops_ring, gammafunk_ghost_arena, gup_sewer_entry_pipe,
          uniq_blork_the_orc, uniq_duvessa
D:5:      layout_basic, serial_shops, shop
D:6:      dreamdust_elfheim, layout_basic, kennysheep_generic_room_11
D:7:      layout_basic, minmay_temple_entry_glass, uniq_menkaure, uniq_joseph
D:8:      layout_rooms, serial_bayou_lagoon_a, uniq_maggie
D:9:      layout_big_octagon, grunt_temple_overflow_open, david_lair_shrubbed,
          serial_rivers, chequers_serial_rivers_small_a,
          chequers_serial_rivers_micro_c, chequers_serial_rivers_micro_e,
          chequers_serial_rivers_micro_e, chequers_serial_rivers_large_a,
          ebering_ghost_gozag, patterned_corridor
D:10:     layout_irregular_city
D:11:     layout_rooms, david_orc_5
Temple:   compressed_dpeg_triangle_lava_temple
